 Dungeon Crawl Stone Soup version 0.21.1-1-g345015f (webtiles) character file.

928 inc the Shield-Bearer (level 8, -4/50 (52) HPs)
             Began as an Octopode Fighter on June 11, 2018.
             Was an Initiate of Gozag.
             Slain by a gnoll
             ... wielding a +0 flail
              (14 damage)
             ... on level 5 of the Dungeon.
             The game lasted 00:06:40 (3764 turns).

inc the Shield-Bearer (Octopode Fighter)            Turns: 3764, Time: 00:06:41

HP:   -4/50 (52)    AC:  1    Str: 16    XL:     8   Next: 11%
MP:   8/8           EV: 12    Int: 12    God:    Gozag
Gold: 353           SH: 10    Dex: 11    Spells: 7/7 levels left

rFire    . . .     SeeInvis .   a - +0 flail
rCold    . . .     Gourm    .   b - +0 shield
rNeg     . . .     Faith    .   (helmet restricted)
rPois    .         Spirit   .   f - amulet of regeneration
rElec    .         Reflect  .   (no ring)
rCorr    .         Harm     .   (no ring)
MR       .....                  (no ring)
Stlth    ++........             (no ring)
HPRegen  0.56/turn              (no ring)
MPRegen  0.11/turn              (no ring)
                                (no ring)
                                (no ring)

@: no status effects
A: almost no armour, stealthy swim, amphibious, 8 rings, constrict 8, camouflage
1, gelatinous body 1
a: Potion Petition, Call Merchant, Bribe Branch, Renounce Religion


You were on level 5 of the Dungeon.
You worshipped Gozag.
Gozag was aware of your devotion.
You were not hungry.

You visited 2 branches of the dungeon, and saw 7 of its levels.

You collected 453 gold pieces.
You paid 100 gold pieces to Gozag.

Inventory:

Hand Weapons
 a - a +0 flail (weapon)
Armour
 b - a +0 shield (worn)
Magical Staves
 u - an uncursed staff of energy
Jewellery
 f - an amulet of regeneration (around mantle)
Wands
 r - a wand of flame (21)
Scrolls
 d - a scroll of enchant armour {unknown}
 e - a scroll of blinking {unknown}
 h - 2 scrolls of identify
 i - 5 scrolls of remove curse {unknown}
 l - a scroll of noise {unknown}
 m - 3 scrolls of teleportation {unknown}
 q - a scroll of amnesia {unknown}
 s - a scroll of immolation {unknown}
Potions
 g - 2 potions of lignification
 j - a potion of heal wounds
 k - a potion of mutation
 n - 2 potions of cancellation
 o - 5 potions of curing
 p - a potion of brilliance
 t - a potion of flight {unknown}
Comestibles
 c - 6 rations


   Skills:
 - Level 3.0 Fighting
 + Level 6.6 Maces & Flails
 - Level 3.0 Dodging
 + Level 7.0 Shields


You had 7 spell levels left.
You didn't know any spells.

Dungeon Overview and Level Annotations

Branches:
Dungeon (6/15)             Temple (1/1) D:5

Altars:
Ashenzari
Cheibriados
Dithmenos
Fedhas
Gozag
Hepliaklqana
Kikubaaqudgha
Okawaru
Sif Muna
Trog
Uskayaw
Vehumet
Wu Jian
Zin
The Shining One

Shops:
D:6 (


Innate Abilities, Weirdness & Mutations

You cannot wear most types of armour.
You are very stealthy in the water. (Stealth+)
You are amphibious.
You can wear up to eight rings at the same time.
You can use your tentacles to constrict eight enemies at once.
Your skin changes colour to match your surroundings (Stealth+).
Your rubbery body absorbs attacks. (AC +1, EV +1)


Message History

You hit the gnoll but do no damage.
The gnoll is lightly wounded.
You constrict the gnoll.
The gnoll escapes!
The gnoll hits you from afar with a spear!
You hit the gnoll. You grab the gnoll.
The gnoll is heavily wounded.
You constrict the gnoll. The gnoll hits you. The gnoll hits you with a flail!
You block the gnoll's attack. The gnoll hits you!
* * * LOW HITPOINT WARNING * * *
You release your grip on the gnoll.
Unknown command.
There is a stone staircase leading up here.
The gnoll hits you with a flail!
* * * LOW HITPOINT WARNING * * *
You climb upwards.
There is a stone staircase leading down here.
You closely miss the gnoll. You grab the gnoll. You constrict the gnoll.
The gnoll hits you with a flail!
You die...
Your body crumbles into a pile of gold.

#.####...## ##..#
##########.........##
#...#
.....>.......8.8.8..#
#..##
##########....⌠.⌠...#
#..# #...8.>.8..#
#..# #.<..⌠.⌠...#
#..#
#...8.8.8..#####..#
#.#...(...........#
#......@g..#####..#
###.######.### ##.#
#.# #.....# #.# #.#
##.....# #.# #.#
#......# #.# #.#
#.....[## #.# #.#
#.......# #.###
#.###.#####.# #...#
#.....# ########.#


You could see a gnoll.

Vanquished Creatures
  Duvessa (D:4)
  A necrophage (D:6)
  A centaur (D:6)
  Dowan (D:4)
  A centaur zombie (D:6)
  2 hounds
  2 bullfrog skeletons (D:5)
  3 orc priests
  An iguana (D:4)
  An orc wizard (D:4)
  Natasha (thrice) (D:3)
  3 worker ants
  A hound zombie (D:5)
  2 howler monkey skeletons
  5 adders
  2 shadow imps (D:6)
  An ooze (D:5)
  2 worms
  A dart slug (D:3)
  4 leopard geckos
  6 orcs
  8 bats
  2 giant cockroaches
  4 goblins
  3 hobgoblins (D:1)
  3 jackals (D:1)
  3 kobolds
  A quokka (D:3)
  4 frilled lizards
  A leopard gecko zombie (D:6)
  A quokka skeleton (D:5)
  11 rats
  A fungus (D:5)
86 creatures vanquished.

Notes
Turn   | Place    | Note
-------+----------+-------------------------------------------
     0 | D:1      | inc the Octopode Fighter began the quest for the Orb.
     0 | D:1      | Reached XP level 1. HP: 16/16 MP: 1/1
    68 | D:1      | Reached XP level 2. HP: 21/21 MP: 2/2
   519 | D:1      | Reached XP level 3. HP: 20/26 MP: 3/3
   807 | D:3      | Noticed Natasha
   816 | D:3      | Killed Natasha
   816 | D:3      | Reached skill level 4 in Shields
   816 | D:3      | Reached XP level 4. HP: 7/31 MP: 4/4
  1065 | D:4      | Found a shattered altar of Ashenzari.
  1084 | D:4      | Noticed Duvessa
  1084 | D:4      | Noticed Dowan
  1135 | D:3      | Noticed Natasha
  1135 | D:3      | Noticed a moth of wrath
  1164 | D:3      | Killed Natasha
  1218 | D:3      | Found a bloodstained altar of Trog.
  1274 | D:3      | Noticed Natasha
  1286 | D:3      | Killed Natasha
  1286 | D:3      | Reached XP level 5. HP: 23/36 MP: 5/5
  1616 | D:3      | Found a shadowy altar of Dithmenos.
  1622 | D:3      | Found a glowing silver altar of Zin.
  1745 | D:5      | Entered Level 5 of the Dungeon
  1756 | D:5      | Reached skill level 5 in Shields
  1768 | D:5      | Reached XP level 6. HP: 36/42 MP: 6/6
  1968 | D:5      | Found a radiant altar of Vehumet.
  2004 | D:5      | Found a staircase to the Ecumenical Temple.
  2051 | Temple   | Entered the Ecumenical Temple
  2166 | Temple   | Became a worshipper of Gozag Ym Sagoz the Greedy
  2484 | D:5      | Found a glowing golden altar of the Shining One.
  2658 | D:4      | Reached skill level 5 in Maces & Flails
  2780 | D:4      | Killed Duvessa
  2780 | D:4      | Reached skill level 6 in Shields
  2780 | D:4      | Reached XP level 7. HP: 18/46 MP: 7/7
  2782 | D:4      | Killed Dowan
  3419 | D:6      | Found Ethi's Weapon Boutique.
  3540 | D:6      | Reached XP level 8. HP: 22/50 MP: 8/8
  3542 | D:6      | Reached skill level 7 in Shields
  3764 | D:5      | Slain by a gnoll

Skill      XL: |  1  2  3  4  5  6  7  8 |
---------------+-------------------------+-----
Maces & Flails | 3 4 5 6 |  6.6
Shields        | 4 5 6 7 |  7.0
Fighting       | |  3.0
Dodging        | |  3.0

Action                   |  1- 3 |  4- 6 |  7- 9 || total
-------------------------+-------+-------+-------++-------
Melee: Flail             |    68 |   114 |    56 ||   238
       Constrict         |    15 |    29 |    17 ||    61
       Tentacles         |     7 |    19 |    15 ||    41
  Use: Scroll            |       |     6 |       ||     6
       Potion            |       |     1 |       ||     1
 Stab: Sleeping          |     5 |     3 |     1 ||     9
  Eat: Chunk             |       |     3 |       ||     3
       Ration            |       |     2 |       ||     2
Armor: Skin              |     8 |     8 |       ||    16
Dodge: Dodged            |    44 |    42 |    28 ||   114
Block: Shield            |    31 |    52 |    27 ||   110
